 Dungeon Crawl Stone Soup version 0.28-a0-677-g3278d6a771 (webtiles) character file.

Game seed: 1042788479611365397

84 Gargoyl the Skirmisher (level 4, -2/41 HPs)
             Began as a Gnoll Abyssal Knight on Oct 18, 2021.
             Was a Believer of Lugonu.
             Slain by Sigmund (4 damage)
             ... on level 3 of the Dungeon.
             The game lasted 00:03:05 (2727 turns).

Gargoyl the Skirmisher (Gnoll Abyssal Knight)       Turns: 2727, Time: 00:03:05

Health: -2/41      AC: 17    Str: 14    XL:     4   Next: 45%
Magic:  7/7        EV:  4    Int:  9    God:    Lugonu [**....]
Gold:   192        SH:  0    Dex: 12    Spells: 5/5 levels left

rFire   + . .      SeeInvis .   f - +3 dagger (drain)
rCold   + . .      Faith    .   (no shield)
rNeg    . . .      Spirit   .   l - +3 plate armour
rPois   +          Reflect  .   (no helmet)
rElec   +          Harm     .   (no cloak)
rCorr   +          Rampage  .   (no gloves)
Will    .....                   (no boots)
Stlth   ..........              k - amulet of the acrobat
HPRegen 0.13/turn               (no ring)
MPRegen 0.10/turn               (no ring)

@: brilliant, resistant, hasted, very quick
A: fangs 1, strong nose, distributed training, iridescent scales 1, mutation
resistance 1
a: Renounce Religion, Depart the Abyss, Bend Space


You were on level 3 of the Dungeon.
You worshipped Lugonu.
Lugonu was pleased with you.
You visited 1 branch of the dungeon, and saw 3 of its levels.
You visited the Abyss 1 time.

You collected 192 gold pieces.

Inventory:

Hand Weapons
 a - a +1 hand axe
 f - a +3 dagger of draining (weapon)
Missiles
 c - 27 poisoned darts (quivered)
Armour
 l - a +3 plate armour (worn)
Jewellery
 k - an amulet of the acrobat (around neck)
Scrolls
 b - a scroll of holy word
 e - 2 scrolls of identify
 h - a scroll of teleportation
Potions
 j - 2 potions of haste


   Skills:
 + Level 6.6 Fighting
 + Level 1.1 Short Blades
 + Level 1.1 Long Blades
 + Level 4.6 Axes
 + Level 1.1 Maces & Flails
 + Level 1.1 Polearms
 + Level 1.1 Staves
 + Level 1.1 Slings
 + Level 1.1 Bows
 + Level 1.1 Crossbows
 + Level 1.1 Throwing
 + Level 4.6 Armour
 + Level 2.7 Dodging
 + Level 1.1 Stealth
 + Level 1.1 Shields
 + Level 1.1 Unarmed Combat
 + Level 1.1 Spellcasting
 + Level 0.9 Conjurations
 + Level 0.9 Hexes
 + Level 0.9 Summonings
 + Level 0.9 Necromancy
 + Level 0.9 Translocations
 + Level 0.9 Transmutations
 + Level 0.9 Fire Magic
 + Level 0.9 Ice Magic
 + Level 0.9 Air Magic
 + Level 0.9 Earth Magic
 + Level 0.9 Poison Magic
 + Level 4.7 Invocations
 + Level 1.1 Evocations


You had 5 spell levels left.
You didn't know any spells.
Your spell library contained the following spells:

 Spells                   Type           Power      Damage    Failure   Level
 Magic Dart               Conj           12%        1d3       100%        1
 Searing Ray              Conj           6%         2d4       100%        2
 Fulminant Prism          Conj/Hex       1%         3d6       100%        4


Dungeon Overview and Level Annotations

Branches:
Dungeon (3/15)

Altars:

Annotations:
D:3 Sigmund


Innate Abilities, Weirdness & Mutations

You have very sharp teeth.
Your uncanny sense of smell can sniff out nearby items.
Your experience applies equally to all skills.
You are partially covered in iridescent scales. (AC +2)
You are somewhat resistant to further mutation.


Message History

Something hits you but does no damage.
You hit something but do no damage.
You hear some strange, mumbled words.
A magic dart appears from out of thin air!
The magic dart hits you but does no damage.
You hit something. Your bite misses something. Something hits you.
You closely miss something. Something hits you!
You closely miss something. Something hits you.
You miss something. You bite something. Something hits you.
You closely miss something. Your bite misses something.
Something hits you but does no damage.
You miss something. Something hits you.
You hit something. You miss something. Something hits you but does no damage.
It was a potion of haste.
You feel yourself speed up. Something hits you but does no damage.
You hit something. Something hits you!
* * * LOW HITPOINT WARNING * * *
You hit something but do no damage. Something hits you.
* * * LOW HITPOINT WARNING * * *
You hit something but do no damage. You hit something but do no damage.
Something hits you.
* * * LOW HITPOINT WARNING * * *
Unknown command.
It was a potion of resistance.
You feel protected. Something hits you but does no damage.
It was a potion of mutation.
You feel extremely strange.
Iridescent scales grow over part of your body.
You feel genetically stable.
It was a potion of brilliance.
You feel clever all of a sudden. Something hits you.
* * * LOW HITPOINT WARNING * * *
You hit something but do no damage. You hit something.
Something hits you but does no damage.
You barely miss something. Something hits you but does no damage.
You barely miss something. You barely miss something. Something hits you.
You die...

########.....###....####
##..#............
##......#####...
##..###......... #...#
#######... # #...# #...
... #...# #...
.....####...# #...
......{@....# ##.#
.....####...# #.# #.#
##### #.# #.# #.# #.#
### ∆ #.. #[. #.. #.#
##.


There were no monsters in sight!

Vanquished Creatures
  An adder (D:3)
  2 worms (D:3)
  2 dart slugs
  3 ball pythons
  4 bats
  7 endoplasms
  2 giant cockroaches
  4 goblins
  7 hobgoblins
  6 jackals
  2 quokkas
  7 frilled lizards
  7 kobolds
  5 rats
59 creatures vanquished.

Notes
Turn   | Place    | Note
-------+----------+-------------------------------------------
     0 | Abyss:1  | Gargoyl the Gnoll Abyssal Knight began the quest for the
                  | Orb.
     0 | Abyss:1  | Reached XP level 1. HP: 23/23 MP: 3/3
    10 | Abyss:2  | Found a corrupted altar of Lugonu.
    11 | Abyss:2  | Noticed an ancient zyme
    18 | D:1      | Escaped the Abyss
   663 | D:1      | Reached XP level 2. HP: 29/29 MP: 5/5
  1057 | D:1      | Reached * piety under Lugonu
  1380 | D:1      | Reached XP level 3. HP: 30/35 MP: 6/6
  2022 | D:2      | Found a faded altar of an unknown god.
  2145 | D:2      | Reached skill level 1 in Short Blades
  2145 | D:2      | Reached skill level 1 in Long Blades
  2145 | D:2      | Reached skill level 1 in Maces & Flails
  2145 | D:2      | Reached skill level 1 in Polearms
  2145 | D:2      | Reached skill level 1 in Staves
  2145 | D:2      | Reached skill level 1 in Slings
  2145 | D:2      | Reached skill level 1 in Bows
  2145 | D:2      | Reached skill level 1 in Crossbows
  2145 | D:2      | Reached skill level 1 in Throwing
  2145 | D:2      | Reached skill level 1 in Stealth
  2145 | D:2      | Reached skill level 1 in Shields
  2145 | D:2      | Reached skill level 1 in Unarmed Combat
  2145 | D:2      | Reached skill level 1 in Spellcasting
  2145 | D:2      | Reached skill level 1 in Evocations
  2218 | D:3      | Reached XP level 4. HP: 33/38 MP: 7/7
  2572 | D:3      | Reached ** piety under Lugonu
  2693 | D:3      | Noticed Sigmund
  2719 | D:3      | HP: 2/41 [something (3)]
  2721 | D:3      | Gained mutation: You are partially covered in iridescent
                  | scales. (AC +2) [potion of mutation]
  2721 | D:3      | Gained mutation: You are somewhat resistant to further
                  | mutation. [potion of mutation]
  2727 | D:3      | Slain by Sigmund

Illustrated notes

Levels and vault maps discovered:
D:1:      dpeg_arrival_arbitrary_a, layout_basic
D:2:      layout_basic, ebering_ecumenical_altar_abandoned,
          hangedman_decor_lopped
D:3:      layout_rooms, solitary_fountain, uniq_sigmund

Skill      XL: |  1  2  3 |
---------------+----------+-----
Short Blades   | 1 |  1.1
Long Blades    | 1 |  1.1
Maces & Flails | 1 |  1.1
Polearms       | 1 |  1.1
Staves         | 1 |  1.1
Slings         | 1 |  1.1
Bows           | 1 |  1.1
Crossbows      | 1 |  1.1
Throwing       | 1 |  1.1
Stealth        | 1 |  1.1
Shields        | 1 |  1.1
Unarmed Combat | 1 |  1.1
Spellcasting   | 1 |  1.1
Evocations     | 1 |  1.1
Fighting       | |  6.6
Axes           | |  4.6
Armour         | |  4.6
Dodging        | |  2.7
Conjurations   | |  0.9
Hexes          | |  0.9
Summonings     | |  0.9
Necromancy     | |  0.9
Translocations | |  0.9
Transmutations | |  0.9
Fire Magic     | |  0.9
Ice Magic      | |  0.9
Air Magic      | |  0.9
Earth Magic    | |  0.9
Poison Magic   | |  0.9
Invocations    | |  4.7

Action                   |  1- 3 |  4- 6 || total
-------------------------+-------+-------++-------
Melee: Hand axe          |    86 |       ||    86
       Bite              |     7 |     5 ||    12
       Dagger            |    26 |    48 ||    74
       Scythe            |    18 |       ||    18
Invok: Depart the Abyss  |     1 |       ||     1
  Use: Scroll            |     7 |       ||     7
       Potion            |       |     4 ||     4
Armor: Plate armour      |   116 |    35 ||   151
       Leather armour    |     1 |       ||     1
Dodge: Dodged            |    34 |     7 ||    41

Table legend: (Time is in decaauts)
 A = Elapsed time spent in this place.
 B = Non-inter-level travel time spent in this place.
 C = Inter-level travel time spent in this place.
 D = Time resting spent in this place.
 E = Time spent auto-exploring this place.
 F = Levels seen in this place.
 G = Mean time per level.
                   A        B        C        D        E       F      G
               +--------+--------+--------+--------+--------+-----+--------+
         Total |   2741 |   2725 |     16 |    547 |   1604 |   5 |  548.2 |
       Dungeon |   2723 |   2707 |     16 |    547 |   1601 |   3 |  907.7 |
         Abyss |     17 |     17 |      0 |      0 |      3 |   2 |    8.5 |
               +--------+--------+--------+--------+--------+-----+--------+

Top non-repeatable levels by time:
     D:1: 1436 daAuts
     D:2: 745 daAuts
     D:3: 542 daAuts
 Abyss:2: 10 daAuts
 Abyss:1: 7 daAuts
